 Seeded DCSS version 0.28-a0-655-g4eb62b627b (webtiles) character file.

Game seed: 3713676629606624443 (custom seed)

2 cheechan the Magician (level 1, -1/9 HPs)
             Began as a Vine Stalker Hedge Wizard on Oct 12, 2021.
             Slain by a quokka (4 damage)
             ... on level 1 of the Dungeon.
             The game lasted 00:00:51 (121 turns).

cheechan the Magician (Vine Stalker Hedge Wizard)    Turns: 121, Time: 00:00:52

Health: -1/9       AC:  8    Str: 12    XL:     1   Next: 30%
Magic:  0/5        EV:  8    Int: 14    God:
Gold:   0          SH:  0    Dex: 13    Spells: 5/6 levels left

rFire   + + .      SeeInvis .   a - +0 dagger
rCold   x . .      Faith    .   (no shield)
rNeg    . . .      Spirit   +   e - +0 fire dragon scales
rPois   .          Reflect  .   c - +0 hat
rElec   .          Harm     .   (no cloak)
rCorr   .          Rampage  .   (no gloves)
Will    .....                   (no boots)
Stlth   ..........              (no amulet)
HPRegen 0.03/turn               (no ring)
MPRegen 0.09/turn               (no ring)

@: no status effects
A: fangs 2, magic shield, antimagic bite, no potion heal 2
a: no special abilities


You were on level 1 of the Dungeon.
You visited 1 branch of the dungeon, and saw 1 of its levels.

Inventory:

Hand Weapons
 a - a +0 dagger (weapon)
Armour
 b - a +0 robe
 c - a +0 hat (worn)
 e - +0 fire dragon scales (worn)
Scrolls
 d - a scroll of fog {unknown}


   Skills:
 + Level 1.7 Dodging
 + Level 2.4 Stealth
 + Level 3.3 Spellcasting
 + Level 1.0 Conjurations
 + Level 1.0 Summonings
 + Level 1.0 Translocations


You had 5 spell levels left.
You knew the following spells:

 Your Spells              Type           Power      Damage    Failure   Level
a - Magic Dart            Conj           20%        1d4       73%         1

Your spell library contained the following spells:

 Spells                   Type           Power      Damage    Failure   Level
 Blink                    Tloc           N/A        N/A       86%         2
 Call Imp                 Summ           5%         N/A       86%         2
 Slow                     Hex            2%         N/A       95%         2
 Conjure Flame            Conj/Fire      3%         6-21      99%         3
 Mephitic Cloud           Conj/Pois/Air  3%         N/A       99%         3


Dungeon Overview and Level Annotations

Branches:
Dungeon (1/15)

Altars:


Innate Abilities, Weirdness & Mutations

You have extremely sharp teeth.
When hurt, damage is shared between your health and your magic reserves.
Your bite disrupts and absorbs the magic of your enemies.
Potions cannot restore your health.


Message History

The kobold is moderately wounded.
The kobold barely misses you.
You closely miss the kobold. Your bite misses the kobold.
The kobold is moderately wounded.
The kobold hits you but does no damage.
You hit the kobold but do no damage. Your bite misses the kobold.
The kobold is moderately wounded.
The kobold hits you with a +0 club.
Your fire dragon scales prevents you from hitting the kobold.
Your bite misses the kobold.
The kobold is moderately wounded.
The kobold hits you but does no damage.
Casting: Magic Dart (safe; 75% risk of failure)
Confirm with . or Enter, or press ? or * to list all spells.
Aiming: Magic Dart (safe; 75% risk of failure)
Press: ? - help, Shift-Dir - straight line, f/p - kobold
Aim: a kobold, wielding a +0 club (moderately wounded, 100% to hit)
The magic dart hits the kobold.
You kill the kobold!
Your magical contamination has completely faded away.
Casting: Magic Dart (safe; 73% risk of failure)
Confirm with . or Enter, or press ? or * to list all spells.
Aiming: Magic Dart (safe; 73% risk of failure)
Press: ? - help, Shift-Dir - straight line, f - quokka
Aim: a quokka (100% to hit)
The magic dart hits the quokka.
The quokka is severely wounded.
The quokka bites you but does no damage.
You closely miss the quokka.
The quokka is severely wounded.
The quokka bites you but does no damage. x2
You hit the quokka. Your bite misses the quokka.
The quokka is severely wounded.
The quokka bites you. x2; The quokka barely misses you.
Your fire dragon scales prevents you from hitting the quokka.
The quokka is severely wounded.
The quokka bites you but does no damage.
The quokka twitches its whiskers.
The quokka bites you.
You die...

....... ....... .......
#####+# .r.....###### #.....
.......#..rr# ###.#..
.......#.##@# ##...#.####
.[.....#.##.######....#.#...
#.r.##......'....'.....
##.#######.##....##..#. ...#
#.##....##..#. #####
#######.....#. #####.## #...
####


You could see 2 quokkas.

Vanquished Creatures
  A quokka (D:1)
  A kobold (D:1)
2 creatures vanquished.

Notes
Turn   | Place    | Note
-------+----------+-------------------------------------------
     0 | D:1      | cheechan the Vine Stalker Hedge Wizard began the quest for
                  | the Orb.
     0 | D:1      | Reached XP level 1. HP: 9/9 MP: 5/5
   121 | D:1      | Slain by a quokka

Illustrated notes

Levels and vault maps discovered:
D:1:      dpeg_arrival_renting, layout_basic

Action                   || total
-------------------------++-------
Melee: Dagger            ||    11
       Bite              ||     2
 Cast: Magic Dart        ||     4
Armor: Fire dragon scale ||    10
Dodge: Dodged            ||     4

Table legend: (Time is in decaauts)
 A = Elapsed time spent in this place.
 B = Non-inter-level travel time spent in this place.
 C = Inter-level travel time spent in this place.
 D = Time resting spent in this place.
 E = Time spent auto-exploring this place.
 F = Levels seen in this place.
 G = Mean time per level.
                   A        B        C        D        E       F      G
               +--------+--------+--------+--------+--------+-----+--------+
         Total |    121 |    121 |      0 |      5 |      0 |   1 |  121.0 |
       Dungeon |    121 |    121 |      0 |      5 |      0 |   1 |  121.0 |
               +--------+--------+--------+--------+--------+-----+--------+

Top non-repeatable levels by time:
     D:1: 121 daAuts
